 Dungeon Crawl Stone Soup version 0.20.1-1-g8b1a95d (webtiles) character file.

13684 equalderp2856 the Archer (level 11, 0/56 HPs)
             Began as a Spriggan Fighter on July 16, 2017.
             Succumbed to barbed spike wounds
             ... on level 11 of the Dungeon on July 17, 2017.
             The game lasted 01:31:43 (26401 turns).

equalderp2856 the Archer (Spriggan Fighter)        Turns: 26401, Time: 01:31:44

Health: 0/56       AC:  3    Str: 13    XL:     11   Next: 78%
Magic:  19/19      EV: 23    Int: 11    God:
Gold:   754        SH:  0    Dex: 17    Spells: 15/20 levels left

rFire    . . .     SeeInvis +   m - +0 shortbow (flame)
rCold    . . .     Gourm    .   (shield currently unavailable)
rNeg     . . .     Faith    .   b - +1 robe
rPois    .         Spirit   .   (helmet restricted)
rElec    .         Reflect  .   (no cloak)
rCorr    +         Harm     .   (gloves unavailable)
MR       +....                  (boots unavailable)
Stlth    ++........             (no amulet)
Regen    0.2/turn               Z - ring of loudness (curse)
MPRegen  0.2/turn               p - ring of resist corrosion

@: about to teleport, barbed spikes, drained, very quick
A: unfitting armour, see invisible, herbivore 3, speed 3, slow metabolism 2
a: no special abilities


You were on level 11 of the Dungeon.
You were completely stuffed.

You visited 1 branch of the dungeon, and saw 11 of its levels.

You collected 754 gold pieces.

Inventory:

Hand Weapons
 a - a +1 rapier
 e - a +3 short sword
 i - a +2 dagger of venom
 m - a +0 shortbow of flaming (weapon)
 o - a +0 shortbow
 u - a +0 hunting sling
 x - a +0 blowgun
 z - a +0 falchion
 A - a +0 rapier
 B - a +2 dagger of protection
 J - a +2 war axe of electrocution
 L - a +0 hunting sling
 M - a +4 long sword
 P - a +0 scimitar
 Q - a +3 dagger
 S - a +0 dagger of protection
Missiles
 j - 59 poisoned needles
 n - 246 stones
 C - 105 arrows (quivered)
 H - 60 bolts
 N - 110 sling bullets
Armour
 b - a +1 robe (worn)
 c - a +0 buckler
 y - a +0 robe
 F - a +0 robe
 V - a +0 robe
Jewellery
 g - a +2 ring of strength
 p - a ring of resist corrosion (right hand)
 U - an uncursed ring of protection from fire
 Z - a cursed ring of loudness (left hand)
Wands
 t - a wand of flame (27/48)
 O - a wand of iceblast (4/15)
 Y - a wand of polymorph (8/24)
Scrolls
 h - 2 scrolls of remove curse
 k - 7 scrolls of identify
 r - a scroll of fog
 s - a scroll of magic mapping
 w - 5 scrolls of enchant weapon
 I - a scroll of amnesia
 K - 4 scrolls of enchant armour
 X - a scroll of recharging
Potions
 d - 2 potions of might
 l - 2 potions of flight
 q - 2 potions of haste
 E - 4 potions of lignification
 R - a potion of ambrosia {unknown}
 W - a potion of brilliance
Books
 G - a book of Callings

   Spells                             Type                      Level
   a - Summon Small Mammal            Summoning                    1
   b - Call Imp                       Summoning                    2
   c - Call Canine Familiar           Summoning                    3
   d - Summon Guardian Golem          Hexes/Summoning              3
   e - Summon Lightning Spire         Summoning/Air                4
   f - Summon Ice Beast               Ice/Summoning                4
Comestibles
 f - 6 bread rations
 v - 4 royal jellies
 T - 8 fruits


   Skills:
 + Level 5.5(5.3) Fighting
 + Level 6.0(8.4) Short Blades
 + Level 7.4(7.8) Long Blades
 + Level 4.4(4.1) Axes
 + Level 5.3(5.4) Slings
 + Level 8.7(8.4) Bows
 + Level 2.2(3.3) Throwing
 + Level 7.9(7.7) Dodging
 + Level 5.8(5.5) Stealth
 + Level 3.7(3.5) Shields
 + Level 5.0(4.8) Spellcasting
 + Level 5.4(5.2) Summonings


You had 15 spell levels left.
You knew the following spells:

 Your Spells              Type           Power        Failure   Level  Hunger
a - Call Imp              Summ           ##......     3%          2    ##.....
b - Call Canine Familiar  Summ           ##......     8%          3    ###....


Dungeon Overview and Level Annotations

Branches:
Dungeon (11/15)            Temple (0/1) D:6            Lair (0/6) D:11
    Orc (0/2) D:11

Altars:
Dithmenos
Fedhas
Nemelex Xobeh
Okawaru
Qazlal
Ru
Trog
Uskayaw
Yredelemnul
Zin
The Shining One

Annotations:
D:4 Sigmund
D:7 1 runed door
D:9 Megalobster's ghost, novice DECj


Innate Abilities, Weirdness & Mutations

You are very small and have problems with some larger weapons.
You are too small for most types of armour.
You have supernaturally acute eyesight. (SInv)
You are a herbivore.
You cover ground extremely quickly.
You need consume almost no food.


Message History

The barbs in your skin will harm you if you move.
Continue?
Okay, then.
Okay, then.
The barbs in your skin will harm you if you move.
Continue? [Y]es or [N]o only, please.
The barbs in your skin will harm you if you move.
Continue?
Okay, then.
Unknown command.
As you read the scroll of teleportation, it crumbles to dust.
You feel strangely unstable.
The barbs in your skin will harm you if you move.
Continue?
The barbed spikes dig painfully into your body as you move.
The barbed spikes dig painfully into your body as you move.
* * * LOW HITPOINT WARNING * * *
The barbed spikes dig painfully into your body as you move.
* * * LOW HITPOINT WARNING * * *
The manticore flicks its tail.
The volley of spikes misses you.
The barbed spikes dig painfully into your body as you move.
You die...

...........# ##....P.P.♣P....P...
......#....###...P..%P.♣♣..♣.....
#................P...............
#.....................♣P[........
##.#.)......#...............##...
.##...).............#.......##...
# ##...#.............#..###.##..H
#####.##..........#.....##...#...
.......##.......@##........#.H...
###.....#...........H......#.....
.......).............#.....#..(..
...##.....[...#.##...#.(#........
..###........)##.#####..(........
..........)....##.# #..........##
.........>.)[...##.##..........##
..##.)........[..###...###.(.....
.###..##...........##..#####.....


You could see a manticore.

Vanquished Creatures
  A hydra (D:11)
  4 two-headed ogres
  An unseen horror (D:10)
  An ugly thing (D:11)
  2 deep elf magi (D:10)
  2 centaur zombies (D:10)
  A troll (D:6)
  Prince Ribbit (D:7)
  3 hippogriffs
  A spriggan (D:10)
  3 wyverns
  A human (D:10)
  2 orc warriors (D:11)
  2 water moccasins
  5 porcupines (D:11)
  3 black bears (D:11)
  An eye of draining (D:10)
  7 phantoms
  7 ogres
  3 ice beasts
  3 sky beasts
  3 centaurs
  4 wolves
  5 crocodiles
  The ghost of noisi the Bolt Thrower, an amateur KoHu (D:3)
  6 bullfrogs
  4 scorpions
  2 wyvern skeletons
  4 killer bees (D:10)
  5 howler monkeys (D:10)
  6 wights
  6 crimson imps
  2 jellies
  A centaur skeleton (D:9)
  2 bullfrog skeletons
  6 hounds
  3 orc priests
  Terence (D:2)
  4 iguanas
  4 orc wizards
  8 worker ants
  A hound skeleton (D:5)
  3 worker ant zombies
  3 gnolls (D:5)
  12 adders
  4 shadow imps
  4 white imps (D:9)
  2 oozes
  An adder skeleton (D:9)
  3 worms (D:3)
  3 dart slugs
  5 leopard geckos
  31 orcs
  4 bats
  6 giant cockroaches
  7 goblins
  6 hobgoblins
  11 jackals
  5 quokkas
  7 frilled lizards
  A goblin skeleton (D:5)
  3 goblin zombies (D:5)
  3 hobgoblin zombies (D:5)
  7 kobolds
  2 kobold skeletons (D:5)
  A kobold zombie (D:5)
  An orc skeleton (D:5)
  11 rats
278 creatures vanquished.

Vanquished Creatures (others)
  A plant (D:11)
1 creature vanquished.

Grand Total: 279 creatures vanquished

Notes
Turn   | Place    | Note
-------+----------+-------------------------------------------
     0 | D:1      | equalderp2856 the Spriggan Fighter began the quest for the Orb.
     0 | D:1      | Reached XP level 1. HP: 11/11 MP: 2/2
   351 | D:1      | Reached XP level 2. HP: 8/16 MP: 3/3
   605 | D:1      | Reached skill level 5 in Dodging
   822 | D:1      | Reached XP level 3. HP: 16/19 MP: 4/4
  1360 | D:2      | Found a blossoming altar of Fedhas.
  2016 | D:2      | Noticed Terence
  2023 | D:2      | Killed Terence
  2141 | D:2      | Reached skill level 1 in Stealth
  2141 | D:2      | Reached XP level 4. HP: 21/23 MP: 5/5
  2680 | D:3      | Found a sacrificial altar of Ru.
  3036 | D:3      | Noticed noisi's ghost (amateur KoHu)
  3720 | D:3      | Killed noisi's ghost
  3720 | D:3      | Reached XP level 5. HP: 28/28 MP: 6/6
  4347 | D:4      | Noticed an ogre
  4391 | D:5      | Entered Level 5 of the Dungeon
  4391 | D:5      | Noticed a phantom
  4393 | D:5      | HP: 2/42 [phantom (4)]
  4460 | D:5      | Noticed a sky beast
  4552 | D:5      | Noticed a phantom
  4724 | D:5      | Found a glowing golden altar of the Shining One.
  4767 | D:4      | Noticed Sigmund
  5158 | D:4      | Found a bloodstained altar of Trog.
  5413 | D:4      | Reached XP level 6. HP: 32/32 MP: 7/7
  6918 | D:5      | Reached XP level 7. HP: 30/36 MP: 8/8
  7484 | D:5      | Reached skill level 5 in Short Blades
  7484 | D:5      | Reached skill level 1 in Throwing
  8330 | D:5      | Found a stormy altar of Qazlal.
  8788 | D:5      | Found a glowing silver altar of Zin.
  8890 | D:5      | Reached skill level 1 in Axes
  9364 | D:6      | Found a staircase to the Ecumenical Temple.
  9681 | D:6      | Noticed a troll
  9687 | D:6      | Killed a troll
  9687 | D:6      | Reached XP level 8. HP: 27/42 MP: 9/9
  9933 | D:6      | Found a basalt altar of Yredelemnul.
 10384 | D:6      | Found a shadowy altar of Dithmenos.
 10619 | D:6      | Found a sparkling altar of Nemelex Xobeh.
 10951 | D:6      | Reached skill level 5 in Stealth
 12061 | D:7      | Found an iron altar of Okawaru.
 12309 | D:7      | Found a runed door.
 12418 | D:7      | Noticed Prince Ribbit
 13321 | D:6      | Reached skill level 5 in Slings
 13321 | D:6      | Reached XP level 9. HP: 45/45 MP: 10/10
 14905 | D:7      | Learned a level 2 spell: Call Imp
 14909 | D:7      | Learned a level 3 spell: Call Canine Familiar
 14951 | D:7      | Killed Prince Ribbit
 14951 | D:7      | Reached skill level 1 in Summonings
 15768 | D:9      | Found a hide-covered altar of Uskayaw.
 16123 | D:9      | Noticed Megalobster's ghost (novice DECj)
 16285 | D:9      | Reached skill level 5 in Spellcasting
 17704 | D:9      | Reached XP level 10. HP: 39/51 MP: 18/18
 18113 | D:9      | Reached skill level 5 in Summonings
 19605 | D:10     | Entered Level 10 of the Dungeon
 19605 | D:10     | Noticed an unseen horror
 19621 | D:10     | Killed an unseen horror
 20509 | D:10     | HP: 1/51 [water moccasin (4)]
 20828 | D:10     | Noticed a deep elf mage
 20968 | D:10     | Killed a deep elf mage
 21126 | D:10     | Reached skill level 5 in Long Blades
 21393 | D:10     | Noticed a two-headed ogre
 21428 | D:10     | Noticed a deep elf mage
 21445 | D:10     | Killed a deep elf mage
 21547 | D:10     | Killed a two-headed ogre
 21736 | D:10     | Reached XP level 11. HP: 44/54 MP: 19/19
 22493 | D:11     | Reached skill level 1 in Bows
 22517 | D:11     | Noticed a four-headed hydra
 22768 | D:11     | Killed a four-headed hydra
 22768 | D:11     | Reached skill level 2 in Bows
 22850 | D:11     | Noticed a two-headed ogre
 22924 | D:11     | Killed a two-headed ogre
 22924 | D:11     | Reached skill level 4 in Bows
 23270 | D:11     | Noticed a two-headed ogre
 23415 | D:11     | Killed a two-headed ogre
 23415 | D:11     | Reached skill level 5 in Bows
 23590 | D:11     | Noticed a white ugly thing
 23803 | D:11     | Killed a white ugly thing
 23803 | D:11     | Reached skill level 5 in Fighting
 23803 | D:11     | Reached skill level 6 in Bows
 24111 | D:11     | Found a staircase to the Lair.
 24423 | D:11     | Reached skill level 7 in Bows
 25379 | D:11     | Found a staircase to the Orcish Mines.
 25552 | D:11     | Reached skill level 8 in Bows
 25730 | D:11     | Noticed a two-headed ogre
 25782 | D:11     | Killed a two-headed ogre
 26401 | D:11     | Succumbed to barbed spike wounds

Skill      XL: |  1  2  3  4  5  6  7  8  9 10 11 |
---------------+----------------------------------+-----
Dodging        | 5 6 7 |  7.9
Short Blades   | 3 4 5 6 |  6.0
Stealth        | 1 2 3 5 |  5.8
Slings         | 2 3 4 5 |  5.3
Fighting       | 3 4 5 |  5.5
Throwing       | 1 2 |  2.2
Axes           | 2 4 |  4.4
Shields        | 3 |  3.7
Spellcasting   | 5 |  5.0
Summonings     | 4 5 |  5.4
Long Blades    | 7 |  7.4
Bows           | 8 |  8.7

Action                   |  1- 3 |  4- 6 |  7- 9 | 10-12 || total
-------------------------+-------+-------+-------+-------++-------
Melee: Rapier            |    73 |   166 |   164 |     5 ||   408
       Dagger            |    44 |    66 |       |       ||   110
       War axe           |       |       |   278 |    83 ||   361
       Long sword        |       |       |       |   172 ||   172
       Short sword       |       |       |       |    72 ||    72
 Fire: Hunting sling     |       |   113 |    20 |    22 ||   155
       Shortbow          |       |       |       |   419 ||   419
Throw: Stone             |       |    57 |    36 |    31 ||   124
  Use: Potion            |       |     3 |     5 |     5 ||    13
       Scroll            |       |       |    16 |     3 ||    19
 Stab: Sleeping          |     3 |     2 |     7 |     5 ||    17
       Distracted        |       |       |     2 |     1 ||     3
  Eat: Royal jelly       |       |     1 |     2 |     1 ||     4
       Bread ration      |       |     1 |     1 |     1 ||     3
       Fruit             |       |       |       |     3 ||     3
Armor: Robe              |    12 |    10 |    18 |    14 ||    54
       Skin              |       |     3 |       |       ||     3
Dodge: Dodged            |    76 |   174 |   301 |   368 ||   919
Block: Buckler           |    22 |    64 |   115 |       ||   201
       Rpst.: Long sword |       |       |       |    52 ||    52
